 Dungeon Crawl Stone Soup version 0.25.1-2-g60ff931df9 (webtiles) character file.

Game seed: 7247728255070569463

11004 hawla the Slicer (level 11, -1/94 HPs)
             Began as a Minotaur Artificer on Oct 15, 2020.
             Was an Initiate of Gozag.
             Shot with an arrow by a centaur (5 damage)
             ... on level 11 of the Dungeon.
             The game lasted 00:31:14 (11252 turns).

hawla the Slicer (Minotaur Artificer)              Turns: 11252, Time: 00:31:14

Health: -1/94      AC: 13    Str: 27    XL:     11   Next: 43%
Magic:  0/15       EV: 13    Int: 10    God:    Gozag
Gold:   540        SH:  0    Dex: 10    Spells: 9/11 levels left

rFire    . . .     SeeInvis +   l - +0 triple sword of Conflict {elec, rC+ Str+2}
rCold    + . .     Gourm    .   (shield currently unavailable)
rNeg     . . .     Faith    .   I - +4 ring mail "Jufruw" {SInv}
rPois    .         Spirit   +   D - +1 hat
rElec    .         Reflect  .   b - +0 cloak
rCorr    .         Harm     .   (no gloves)
MR       .....                  (no boots)
Stlth    +.........             y - amulet of guardian spirit
HPRegen  0.25/turn              a - +6 ring of strength
MPRegen  0.14/turn              h - +4 ring of slaying

@: very slightly contaminated
A: retaliatory headbutt, horns 2
a: Potion Petition, Call Merchant, Bribe Branch, Renounce Religion


You were on level 11 of the Dungeon.
You worshipped Gozag.
Gozag was pleased with you.
You were very hungry.

You visited 2 branches of the dungeon, and saw 12 of its levels.

You collected 2259 gold pieces.
You spent 1667 gold pieces at shops.
You paid 52 gold pieces to Gozag.

Inventory:

Hand Weapons
 l - the +0 triple sword of Conflict (weapon) {elec, rC+ Str+2}
   (You acquired it on level 9 of the Dungeon)

   Occasionally, upon striking a foe, it will discharge some electrical energy
   and cause terrible harm.
   It affects your strength (+2).
   It protects you from cold.
 v - a +6 dagger of speed
Missiles
 c - 7 javelins
 j - 20 poisoned darts (quivered)
 w - 7 datura-tipped darts
 x - 4 boomerangs
Armour
 b - a +0 cloak (worn)
 D - a +1 hat (worn)
 I - the +4 ring mail "Jufruw" (worn) {SInv}
   (You bought it in a shop on level 8 of the Dungeon)

   It lets you see invisible.
Jewellery
 a - a +6 ring of strength (left hand)
 h - a +4 ring of slaying (right hand)
 k - an uncursed ring of ice
 n - an uncursed ring of poison resistance
 y - an amulet of guardian spirit (around neck)
 z - an uncursed amulet of magic regeneration
 A - a +4 ring of evasion
 B - an uncursed ring of wizardry
 F - a +6 ring of dexterity
Wands
 d - a wand of enslavement (8)
 e - a wand of random effects (25)
 H - a wand of iceblast (23)
 O - a wand of disintegration (13)
 P - a wand of flame (14)
 R - a wand of clouds (5)
Scrolls
 q - 2 scrolls of enchant armour
 r - a scroll of fear
 s - 2 scrolls of amnesia
 E - 3 scrolls of identify
 K - 3 scrolls of remove curse
Potions
 g - 5 potions of curing
 i - 3 potions of flight
 m - 2 potions of might
 o - a potion of berserk rage
 p - a potion of lignification {unknown}
 t - a potion of magic
 u - 2 potions of mutation
 G - a potion of degeneration {unknown}
 J - 2 potions of ambrosia {unknown}
 L - a potion of invisibility {unknown}
 M - a potion of heal wounds
Miscellaneous
 Q - a tin of tremorstones (3/3)
Comestibles
 f - 6 rations


   Skills:
 + Level 8.2 Fighting
 + Level 9.2(10.5) Short Blades
 + Level 9.1(11.0) Long Blades
 + Level 4.7 Throwing
 + Level 8.7 Armour
 + Level 6.1 Dodging
 - Level 0.7 Stealth
 + Level 0.5 Spellcasting
 + Level 0.5 Translocations
 + Level 7.0 Evocations


You had 9 spell levels left.
You knew the following spells:

 Your Spells              Type           Power        Failure   Level  Hunger
a - Blink                 Tloc           N/A          52%         2    ###....

Your spell library contained the following spells:

 Spells                   Type           Power        Failure   Level  Hunger
 Animate Skeleton         Necr           N/A          45%         1    ##.....
 Corona                   Hex            #......      45%         1    ##.....
 Magic Dart               Conj           #...         45%         1    ##.....
 Pain                     Necr           #...         45%         1    ##.....
 Sandblast                Erth           #.....       45%         1    ##.....
 Call Imp                 Summ           #.......     58%         2    ###....
 Ensorcelled Hibernation  Hex/Ice        #.....       58%         2    ###....
 Passwall                 Tmut/Erth      #.......     58%         2    ###....
 Searing Ray              Conj           #.....       58%         2    ###....
 Slow                     Hex            #.......     58%         2    ###....
 Confusing Touch          Hex            #.......     83%         3    ####...
 Conjure Flame            Conj/Fire      #.......     83%         3    ####...
 Dazzling Flash           Conj/Hex       #.....       83%         3    ####...
 Mephitic Cloud           Conj/Pois/Air  #.......     83%         3    ####...
 Stone Arrow              Conj/Erth      #.....       83%         3    ####...
 Tukima's Dance           Hex            #.......     83%         3    ####...
 Vampiric Draining        Necr           #.........   83%         3    ####...
 Animate Dead             Necr           N/A          99%         4    #####..
 Fulminant Prism          Conj/Hex       #.........   99%         4    #####..
 Iskenderun's Mystic Bla  Conj/Tloc      #.......     99%         4    #####..
 Petrify                  Tmut/Erth      #.......     99%         4    #####..
 Agony                    Necr           #.......     100%        5    ######.
 Lee's Rapid Deconstruct  Erth           #.........   100%        5    ######.


Dungeon Overview and Level Annotations

Branches:
Dungeon (11/15)            Temple (1/1) D:4            Lair (0/6) D:9
    Orc: D:9-12

Altars:
Ashenzari
Cheibriados
Dithmenos
Elyvilon
Fedhas
Gozag
Hepliaklqana
Kikubaaqudgha
Makhleb
Nemelex Xobeh
Okawaru
Qazlal
Ru
Sif Muna
Trog
Uskayaw
Vehumet
Wu Jian
Xom
Yredelemnul
Zin
The Shining One

Shops:
D:8 [   D:10 }

Annotations:
D:7 Blork's money


Innate Abilities, Weirdness & Mutations

You reflexively headbutt those who attack you in melee.
You have a pair of horns on your head.


Message History

The arrow closely misses you.
The centaur shoots an arrow.
The arrow hits you!
You slice the cyclops!! You headbutt the cyclops.
The cyclops is severely wounded.
The centaur shoots an arrow.
The arrow hits you but does no damage.
The centaur shoots an arrow.
The arrow hits you.
The centaur shoots an arrow.
The arrow closely misses you.
The centaur shoots an arrow.
The arrow hits you!
The centaur shoots an arrow.
The arrow hits you! The cyclops closely misses you.
The centaur shoots an arrow.
The arrow hits you!
The centaur shoots an arrow.
The arrow hits you.
* * * LOW HITPOINT WARNING * * *
The centaur shoots an arrow.
The arrow hits you but does no damage.
Blink to where?
Press: ? - help, Dir - move target cursor You are very lightly contaminated with residual magic.
As you read the scroll of blinking, it crumbles to dust.
The cyclops throws a large rock.
The large rock hits you!!
* * * LOW HITPOINT WARNING * * *
The centaur shoots an arrow.
The arrow hits you.
You die...
Your body crumbles into a pile of gold.

.. #### ... #... #+####...
#... +...... ######...
.......#..... #........
#.....##...# #........
#.....##$..# #.....###
#.....##@..## #.....#
#.......(.......#.....#
#....(.(........#.....#
#...C.....(.....#.....#
#....ยง#######...#.....#
#....(##...# ..#...).#
##cc..(##...# .#.....#
.c.cc...((...######.....#
.............##...#.....###


You could see a cyclops and 4 centaurs.

Vanquished Creatures
  Harold (D:7)
  2 two-headed ogres
  2 cyclopes
  A manticore (D:11)
  2 trolls
  6 hippogriffs
  7 yaks (D:9)
  Menkaure (D:4)
  4 orc warriors
  2 sky beasts
  2 ice beasts
  5 ogres
  A necrophage (D:10)
  3 centaurs
  3 big kobolds
  2 crocodiles (D:9)
  Blork the orc (D:7)
  5 bullfrogs
  2 wyvern skeletons
  8 killer bees
  6 howler monkeys
  11 wights
  6 crimson imps
  2 bullfrog zombies
  A quasit (D:10)
  A centaur zombie (D:7)
  3 jellies
  2 hounds (D:5)
  3 centaur skeletons
  A gnoll shaman (D:4)
  6 orc priests
  A bullfrog skeleton (D:11)
  7 iguanas
  10 orc wizards
  13 worker ants
  2 howler monkey zombies
  11 gnolls
  A howler monkey skeleton (D:11)
  10 adders
  A shadow imp (D:5)
  2 adder skeletons
  3 worms
  3 dart slugs
  3 leopard geckos
  31 orcs
  2 ball pythons
  5 giant cockroaches
  7 goblins
  5 hobgoblins
  10 jackals
  6 quokkas
  7 bats
  4 frilled lizards
  2 goblin skeletons (D:4)
  A goblin zombie (D:4)
  2 hobgoblin zombies (D:4)
  A jackal skeleton (D:6)
  A jackal zombie (D:6)
  26 kobolds
  A kobold skeleton (D:4)
  A kobold zombie (D:4)
  A leopard gecko skeleton (D:5)
  An orc skeleton (D:4)
  An orc zombie (D:4)
  A quokka zombie (D:8)
  10 rats
295 creatures vanquished.

Vanquished Creatures (collateral kills)
  A hound (D:6)
  A worker ant (D:4)
2 creatures vanquished.

Vanquished Creatures (others)
  A troll (D:9)
  A wight (D:6)
  A gnoll (D:4)
  An adder skeleton (D:8)
  A fungus (D:9)
5 creatures vanquished.

Grand Total: 302 creatures vanquished

Notes
Turn   | Place    | Note
-------+----------+-------------------------------------------
     0 | D:1      | hawla the Minotaur Artificer began the quest for the Orb.
     0 | D:1      | Reached XP level 1. HP: 16/16 MP: 1/1
   380 | D:1      | Reached XP level 2. HP: 3/23 MP: 3/3
  1060 | D:2      | Found a basalt altar of Yredelemnul.
  1094 | D:2      | Reached XP level 3. HP: 23/28 MP: 4/4
  1407 | D:2      | Found a shimmering altar of Xom.
  1407 | D:2      | Found a shimmering altar of Xom.
  1407 | D:2      | Found a shimmering altar of Xom.
  1428 | D:2      | Found a shimmering altar of Xom.
  1795 | D:2      | Reached skill level 1 in Armour
  1905 | D:3      | Reached XP level 4. HP: 35/35 MP: 5/5
  1925 | D:3      | Found a faded altar of an unknown god.
  2118 | D:3      | Found a shadowy altar of Dithmenos.
  2608 | D:3      | Reached skill level 1 in Throwing
  2894 | D:4      | Found a staircase to the Ecumenical Temple.
  2894 | D:4      | Noticed Menkaure
  2906 | D:4      | Killed Menkaure
  2906 | D:4      | Reached XP level 5. HP: 41/41 MP: 5/7
  2972 | D:4      | Reached XP level 6. HP: 35/48 MP: 8/8
  3033 | Temple   | Entered the Ecumenical Temple
  3500 | D:4      | Found an opulent altar of Gozag.
  3506 | D:4      | Became a worshipper of Gozag Ym Sagoz the Greedy
  3540 | D:4      | Found a glowing golden altar of the Shining One.
  3772 | D:4      | Reached XP level 7. HP: 36/55 MP: 7/9
  4428 | D:5      | Entered Level 5 of the Dungeon
  4639 | D:5      | Reached skill level 5 in Armour
  4639 | D:5      | Reached XP level 8. HP: 54/63 MP: 7/10
  4668 | D:5      | Reached skill level 1 in Long Blades
  5124 | D:6      | Reached skill level 5 in Evocations
  5165 | D:6      | Reached skill level 5 in Dodging
  5426 | D:6      | Found a shimmering altar of Xom.
  6285 | D:7      | Noticed Harold
  6316 | D:7      | Killed Harold
  6316 | D:7      | Reached skill level 5 in Short Blades
  6316 | D:7      | Reached skill level 5 in Long Blades
  6316 | D:7      | Reached XP level 9. HP: 58/72 MP: 9/12
  6671 | D:7      | Found a sparkling altar of Nemelex Xobeh.
  6778 | D:7      | Noticed Blork the orc
  6792 | D:7      | Killed Blork the orc
  6798 | D:7      | Found a shimmering blue altar of Sif Muna.
  7122 | D:7      | Found a blossoming altar of Fedhas.
  7307 | D:8      | Reached skill level 5 in Fighting
  7848 | D:8      | Learned a level 2 spell: Blink
  7912 | D:8      | Found an ancient bone altar of Kikubaaqudgha.
  7976 | D:8      | Noticed a two-headed ogre
  7994 | D:8      | Killed a two-headed ogre
  7994 | D:8      | Reached XP level 10. HP: 46/83 MP: 6/13
  8259 | D:8      | Found Desuts's Armour Shoppe.
  8259 | D:8      | Found a stormy altar of Qazlal.
  8306 | D:8      | Bought the +4 ring mail "Jufruw" {SInv} for 387 gold pieces
  8719 | D:9      | Identified a scroll of acquirement
  8719 | D:9      | Acquired the +0 triple sword of Conflict {elec, rC+ Str+2}
  8858 | D:9      | Found a staircase to the Lair.
  8918 | D:10     | Entered Level 10 of the Dungeon
  9131 | D:9      | Noticed a +0 dagger
  9132 | D:9      | Noticed a +0 hand axe
  9136 | D:9      | Found a hide-covered altar of Uskayaw.
  9971 | D:10     | Reached XP level 11. HP: 88/92 MP: 15/15
 10115 | D:10     | Found Boclyt's Gadget Boutique.
 10123 | D:10     | Bought a wand of iceblast (11) for 240 gold pieces
 10123 | D:10     | Bought a wand of disintegration (13) for 272 gold pieces
 10123 | D:10     | Bought a wand of flame (14) for 128 gold pieces
 10123 | D:10     | Bought a tin of tremorstones (3/3) for 640 gold pieces
 10831 | D:11     | Noticed a two-headed ogre
 10839 | D:11     | Killed a two-headed ogre
 11251 | D:11     | HP: 4/94 [cyclops/large rock (21)]
 11252 | D:11     | Shot with an arrow by a centaur

Illustrated notes

Levels and vault maps discovered:
D:1:      psy_arrival_dodecagon, layout_rooms, minmay_octomino_j4
D:2:      layout_loops_ring, overflow_temple_1_default, xom_redecorated
D:3:      minmay_diamond_boxcup, layout_loops_ring, grunt_dithmenos_smoke,
          chequers_ecumenical_altar_simple_redux, first_ration
D:4:      layout_basic, nicolae_tso_besieged_by_evil, kennysheep_little_box,
          minmay_temple_entry_glass, uniq_menkaure
D:5:      layout_rooms, feat_on_display
D:6:      layout_loops_ring, basic_altar, kennysheep_generic_room_3
D:7:      layout_basic, nicolae_overflow_hidden_temple, tgw_sif,
          nemelex_xobeh_ov_fountains_minmay, uniq_harold
D:8:      layout_loops_ring, grunt_qazlal_clouds, kiku_gazebo_garden_becter,
          serial_shops, shop
D:9:      layout_basic, dancing_weapons_uskayaw, david_lair_generic
D:10:     layout_roguey, serial_shops, shop
D:11:     layout_gridville
Temple:   minmay_temple_curvy_loop

Skill      XL: |  1  2  3  4  5  6  7  8  9 10 11 |
---------------+----------------------------------+-----
Evocations     | 3 4 5 6 7 |  7.0
Armour         | 1 2 3 4 5 6 7 8 |  8.7
Throwing       | 1 2 3 4 |  4.7
Short Blades   | 2 3 4 5 7 8 9 |  9.2
Dodging        | 3 4 5 6 |  6.1
Fighting       | 2 3 4 5 7 8 |  8.2
Long Blades    | 5 9 |  9.1
Stealth        | |  0.7
Spellcasting   | |  0.5
Translocations | |  0.5

Action                   |  1- 3 |  4- 6 |  7- 9 | 10-12 || total
-------------------------+-------+-------+-------+-------++-------
Melee: Short sword       |    88 |    63 |       |       ||   151
       Headbutt          |    16 |    17 |   100 |    88 ||   221
       Dagger            |       |    66 |   212 |   271 ||   549
       Falchion          |       |       |    54 |       ||    54
       Long sword        |       |       |    33 |       ||    33
       Great sword       |       |       |     8 |       ||     8
       Triple sword      |       |       |       |    64 ||    64
Throw: Dart              |    17 |    16 |    19 |    16 ||    68
 Cast: Blink             |       |       |     1 |       ||     1
Evoke: Wand              |     9 |    11 |    14 |     3 ||    37
  Use: Scroll            |     4 |     1 |    13 |     9 ||    27
       Potion            |       |       |       |     2 ||     2
 Stab: Paralysed         |       |     1 |       |       ||     1
       Distracted        |       |       |     1 |     1 ||     2
  Eat: Chunk             |     3 |     5 |       |       ||     8
       Ration            |       |       |     5 |     2 ||     7
Armor: Ring mail         |    11 |       |    12 |   100 ||   123
       Plate armour      |    43 |   109 |    83 |       ||   235
Dodge: Dodged            |    32 |    48 |   119 |   170 ||   369
       Rpst.: Falchion   |       |       |     6 |       ||     6
       Long sword        |       |       |     3 |       ||     3
       Great sword       |       |       |     2 |       ||     2
       Triple sword      |       |       |       |     9 ||     9
